[Event "Titled Tuesday Blitz February 21 Early 2023"]
[White "Turzo, Attila"]
[Black "Halkias, Stelios"]
[WhiteFideId "704954"]
[BlackFideId "4201809"]
[WhiteElo "2279"]
[BlackElo "2511"]
[Result "0-1"]
[Round "02"]
[TimeControl "180+2"]
[Date "2023.02.21"]
[WhiteClock "0:00:37"]
[BlackClock "0:01:33"]

1. d4 Nf6 2. c4 g6 3. Nc3 Bg7 4. e4 d6 5. Nf3 O-O 6. Be2 e5 7. Be3 exd4 8. Nxd4 Re8 9. f3 c6 10. Qd2 d5 11. exd5 cxd5 12. O-O Nc6 13. Nxc6 bxc6 14. Rfe1 Rxe3 15. Qxe3 d4 16. Qd2 Bf5 17. Ne4 Bxe4 18. fxe4 Nxe4 19. Qc2 Qh4 20. Bf3 d3 21. Qxd3 Qf2+ 22. Kh1 Qxe1+ 23. Rxe1 Nf2+ 24. Kg1 Nxd3 25. Bxc6 Rc8 26. Bd7 Nxe1 27. Bxc8 Bxb2 28. Kf1 Nd3 29. Bb7 Nc5 30. Bd5 Kf8 31. Ke2 Be5 32. h3 f5 33. Kf3 h5 34. g4 hxg4+ 35. hxg4 Ke7 36. gxf5 gxf5 37. Bg8 a5 38. Bh7 Kf6 39. Bg8 a4 40. Ke3 a3 41. Bd5 Na4 42. Bg8 Kg5 43. Kf3 Bd4 44. Bf7 Nc3 45. c5 Bxc5 46. Bg8 Ne4 47. Bf7 Kf6 48. Bg8 Ke5 49. Kg2 f4 50. Kf3 Ng5+ 51. Kg4 Ne4 52. Kf3 Nd2+ 53. Ke2 Bb4 54. Kd3 Kf5 55. Ke2 Kg4 56. Kf2 Ne4+ 57. Kg2 f3+ 58. Kf1 Kg3 59. Bd5 Nd2+ 60. Kg1 f2+ 0-1


[Site "https://www.chess.com"]

[Event "Titled Tuesday Blitz February 21 Early 2023"]
[White "Zahid, Sanatan"]
[Black "Kokoszczynski, Jan"]
[WhiteFideId "10201963"]
[BlackFideId "1174460"]
[WhiteElo "1930"]
[BlackElo "2247"]
[Result "1-0"]
[Round "02"]
[TimeControl "180+2"]
[Date "2023.02.21"]
[WhiteClock "0:02:29"]
[BlackClock "0:00:34"]

1. d4 d5 2. Nc3 Nf6 3. Bf4 e6 4. Nb5 Bb4+ 5. c3 Ba5 6. a4 a6 7. b4 Bb6 8. a5 axb5 9. axb6 Rxa1 10. Qxa1 Na6 11. bxc7 Nxc7 12. Qa5 Na6 13. Qxb5+ Qd7 14. e3 O-O 15. f3 Nh5 16. Qxd7 Bxd7 17. Bd6 Rc8 18. Kd2 Nc7 19. Nh3 Nf6 20. Bxc7 Rxc7 21. Bd3 Kf8 22. Ra1 Ke7 23. e4 Bc6 24. e5 Nd7 25. b5 1-0


[Site "https://www.chess.com"]

[Event "Titled Tuesday Blitz February 21 Early 2023"]
[White "Balla, Tamas-Kristof"]
[Black "Kislinsky, Alexey"]
[WhiteFideId "1208497"]
[BlackFideId "14108801"]
[WhiteElo "2303"]
[BlackElo "2357"]
[Result "0-1"]
[Round "02"]
[TimeControl "180+2"]
[Date "2023.02.21"]
[WhiteClock "0:00:07"]
[BlackClock "0:02:02"]

1. e4 c5 2. c3 e6 3. d4 d5 4. exd5 exd5 5. Nf3 Nf6 6. Bd3 Bd6 7. dxc5 Bxc5 8. O-O O-O 9. Nbd2 h6 10. Nb3 Bb6 11. Bf4 Nc6 12. Qd2 Bg4 13. Nfd4 Nxd4 14. Nxd4 Ne4 15. Qc2 Qf6 16. Be3 Nc5 17. h3 Bh5 18. Rfe1 Nxd3 19. Qxd3 Bg6 20. Qd2 Be4 21. Rad1 Qg6 22. f4 Rfe8 23. Qf2 f5 24. Nf3 Bc7 25. Ne5 Bxe5 26. fxe5 Rxe5 27. Bd4 Re6 28. Re3 f4 29. Ree1 a6 30. Kh2 Rf8 31. Rg1 Qg5 32. Rdf1 Rg6 33. Qd2 Qg3+ 34. Kh1 Qxh3# 0-1


[Site "https://www.chess.com"]

[Event "Titled Tuesday Blitz February 21 Early 2023"]
[White "Weetik, Vjacheslav"]
[Black "Parpiev, Isaak"]
[WhiteFideId "4153472"]
[BlackFideId "34281576"]
[WhiteElo "2423"]
[BlackElo "2167"]
[Result "0-1"]
[Round "02"]
[TimeControl "180+2"]
[Date "2023.02.21"]
[WhiteClock "0:00:01"]
[BlackClock "0:00:07"]

1. d4 Nf6 2. c4 e6 3. Nc3 Bb4 4. Qc2 O-O 5. a3 Bxc3+ 6. Qxc3 d5 7. Bg5 h6 8. Bxf6 Qxf6 9. e3 c5 10. Nf3 cxd4 11. Qxd4 Qxd4 12. Nxd4 Nc6 13. O-O-O Rd8 14. cxd5 Rxd5 15. Nxc6 Rxd1+ 16. Kxd1 bxc6 17. Bd3 Kf8 18. Kd2 Rb8 19. b4 Ke7 20. Rc1 Bd7 21. Rc5 Kd6 22. f4 f6 23. Kc3 g5 24. g3 Rc8 25. Kd4 Rb8 26. e4 gxf4 27. gxf4 Rg8 28. Ra5 Rg2 29. e5+ fxe5+ 30. fxe5+ Ke7 31. Rxa7 Rxh2 32. b5 cxb5 33. Bxb5 Rd2+ 34. Ke4 Kd8 35. Ra8+ Kc7 36. Ra7+ Kd8 37. Bc4 h5 38. a4 h4 39. a5 h3 40. Ra8+ Kc7 41. Ra7+ Kb8 42. Rxd7 Rxd7 43. Bxe6 Rh7 44. Bxh3 Rxh3 45. Kf5 Kc7 46. Kf6 Kd7 47. a6 Rf3+ 48. Kg5 Ke6 49. a7 Ra3 0-1


[Site "https://www.chess.com"]

[Event "Titled Tuesday Blitz February 21 Early 2023"]
[White "Trost, Edvin"]
[Black "Shapiro, Viktor"]
[WhiteFideId "1729519"]
[BlackFideId "4175700"]
[WhiteElo "2399"]
[BlackElo "2192"]
[Result "0-1"]
[Round "02"]
[TimeControl "180+2"]
[Date "2023.02.21"]
[WhiteClock "0:00:02"]
[BlackClock "0:00:34"]

1. Nf3 Nf6 2. b3 c5 3. Bb2 Nc6 4. g3 g6 5. Bg2 Bg7 6. O-O O-O 7. c4 d6 8. d4 cxd4 9. Nxd4 Bd7 10. Nc3 a6 11. Rc1 Rc8 12. Nd5 Nxd5 13. Bxd5 Qa5 14. a4 Rfd8 15. e3 e6 16. Bg2 Qb6 17. Bc3 Nxd4 18. Bxd4 Bxd4 19. exd4 Qb4 20. Qc2 b5 21. axb5 axb5 22. c5 Qxd4 23. c6 Rc7 24. Qe2 Be8 25. Qxb5 d5 26. Rfd1 Qa7 27. Rd2 Rb8 28. Qe2 Qa3 29. Rdc2 Qxb3 30. Qe5 Rbc8 31. h4 h5 32. Qd6 Qb6 33. g4 hxg4 34. Qf4 Rxc6 35. Rxc6 Rxc6 36. Rxc6 Bxc6 37. Qxg4 Qb1+ 38. Kh2 Qf5 39. Qg3 e5 40. Qc3 Qe6 41. Kg1 e4 42. Qg3 Kg7 43. h5 Qf6 44. Qg4 g5 45. Qc8 d4 46. Kf1 d3 47. Ke1 Qc3+ 48. Kf1 Qc1# 0-1


[Site "https://www.chess.com"]

[Event "Titled Tuesday Blitz February 21 Early 2023"]
[White "EREBUNI91"]
[Black "Ilinca Ilinca, Felix Antonio"]
[BlackFideId "54764998"]
[WhiteElo "2722"]
[BlackElo "2266"]
[Result "1-0"]
[Round "02"]
[TimeControl "180+2"]
[Date "2023.02.21"]
[WhiteClock "0:01:13"]
[BlackClock "0:01:05"]

1. e4 c5 2. Nc3 e6 3. Nf3 Nc6 4. Bb5 Nge7 5. O-O a6 6. Bxc6 Nxc6 7. d4 cxd4 8. Nxd4 Qc7 9. Re1 Be7 10. Nxc6 bxc6 11. e5 O-O 12. Bf4 Rb8 13. b3 Bb7 14. Qh5 f5 15. exf6 Qxf4 16. fxe7 Qxf2+ 17. Kh1 Rf7 18. Ne4 Qf4 19. Ng5 g6 20. Nxf7 gxh5 21. Nd8 1-0


[Site "https://www.chess.com"]

[Event "Titled Tuesday Blitz February 21 Early 2023"]
[White "Mendez Fortes, Eduardo Jesus"]
[Black "Horvath, Dominik"]
[WhiteFideId "3502376"]
[BlackFideId "1642561"]
[WhiteElo "2250"]
[BlackElo "2523"]
[Result "0-1"]
[Round "02"]
[TimeControl "180+2"]
[Date "2023.02.21"]
[WhiteClock "0:00:11"]
[BlackClock "0:00:29"]

1. e4 c6 2. d4 d5 3. Nc3 dxe4 4. Nxe4 Bf5 5. Ng3 Bg6 6. Nh3 Nd7 7. Nf4 Ngf6 8. Bc4 Qc7 9. O-O e6 10. Re1 O-O-O 11. Nxg6 hxg6 12. Qf3 Nb6 13. Qc3 Nxc4 14. Qxc4 Bd6 15. c3 Ng4 16. d5 Ne5 17. Qd4 c5 18. Qa4 Kb8 19. dxe6 f5 20. Bf4 Rh4 21. e7 Qxe7 22. Rxe5 Qxe5 23. Bxe5 Rxa4 24. Bxg7 Re8 25. b3 Ra6 26. Kf1 Bf4 27. Ne2 Be5 28. Bxe5+ Rxe5 29. h4 b5 30. Nf4 c4 31. bxc4 bxc4 32. g3 Rea5 33. Re1 Rxa2 34. Re8+ Kb7 35. Rg8 Rc2 36. Nxg6 Raa2 37. Nf4 Rxf2+ 38. Kg1 Rfc2 39. Rg7+ Kc6 40. Rg6+ Kb5 41. Ne2 Rxe2 0-1


[Site "https://www.chess.com"]

[Event "Titled Tuesday Blitz February 21 Early 2023"]
[White "Talibov, Shiroghlan"]
[Black "Tifferet, Shaked"]
[WhiteFideId "13429078"]
[BlackFideId "2811529"]
[WhiteElo "2359"]
[BlackElo "2142"]
[Result "1-0"]
[Round "02"]
[TimeControl "180+2"]
[Date "2023.02.21"]
[WhiteClock "0:00:58"]
[BlackClock "0:00:13"]

1. d4 Nf6 2. c4 e6 3. Nf3 b6 4. g3 Ba6 5. b3 Bb4+ 6. Bd2 Be7 7. Nc3 d5 8. cxd5 exd5 9. Bg2 O-O 10. O-O Re8 11. Rc1 c6 12. Bf4 Nbd7 13. Re1 Bb4 14. Bd2 Rc8 15. Bh3 Rc7 16. Bf4 Rb7 17. Nd2 Nf8 18. e3 h6 19. g4 Ne6 20. Bg3 c5 21. dxc5 bxc5 22. Bg2 Rd7 23. Ncb1 Bd3 24. a3 Ba5 25. b4 cxb4 26. axb4 Bxb4 27. Qb3 Bxd2 28. Nxd2 Bc4 29. Nxc4 dxc4 30. Rxc4 h5 31. h3 hxg4 32. hxg4 Rd3 33. Qc2 Rd2 34. Qb1 Qa5 35. Qf5 Red8 36. Qxa5 Nxg4 37. Rxg4 1-0


[Site "https://www.chess.com"]

[Event "Titled Tuesday Blitz February 21 Early 2023"]
[White "Buchenau, Frank"]
[Black "Costachi, Mihnea"]
[WhiteFideId "4604350"]
[BlackFideId "1217518"]
[WhiteElo "2222"]
[BlackElo "2476"]
[Result "0-1"]
[Round "02"]
[TimeControl "180+2"]
[Date "2023.02.21"]
[WhiteClock "0:00:41"]
[BlackClock "0:01:46"]

1. e4 e5 2. Bc4 Nf6 3. d3 Bc5 4. Nf3 d6 5. O-O h6 6. c3 Nc6 7. Nbd2 a6 8. Bb3 Ba7 9. Re1 g5 10. Nf1 g4 11. N3d2 h5 12. Nc4 Be6 13. Bg5 h4 14. Nce3 Rh5 15. Bxf6 Qxf6 16. d4 exd4 17. Nd5 Bxd5 18. exd5+ Ne7 19. Qxg4 Rg5 20. Qh3 dxc3 21. Ne3 cxb2 22. Rab1 Kf8 23. Qxh4 Bxe3 24. Qh3 Bxf2+ 25. Kh1 Bxe1 26. Rxe1 0-1


[Site "https://www.chess.com"]

[Event "Titled Tuesday Blitz February 21 Early 2023"]
[White "Matinian, Nikita"]
[Black "Ramirez Allo, Eduardo"]
[WhiteFideId "24129100"]
[BlackFideId "2224178"]
[WhiteElo "2407"]
[BlackElo "2274"]
[Result "0-1"]
[Round "02"]
[TimeControl "180+2"]
[Date "2023.02.21"]
[WhiteClock "0:00:20"]
[BlackClock "0:00:08"]

1. e4 c5 2. Nf3 d6 3. d4 cxd4 4. Nxd4 Nf6 5. Nc3 a6 6. h3 e5 7. Nb3 Be6 8. Be3 Be7 9. g4 h6 10. Qf3 Nbd7 11. O-O-O b5 12. Nd5 Bxd5 13. exd5 Rc8 14. Kb1 Qc7 15. Bd3 Nb6 16. Bf5 Rb8 17. Na5 Nbxd5 18. Rxd5 Qxa5 19. Rd2 Qc7 20. h4 g6 21. Be4 h5 22. g5 Nxe4 23. Qxe4 O-O 24. f4 Qb7 25. Rd5 exf4 26. Bxf4 Rfe8 27. Qd3 Bf8 28. Rd1 Rbd8 29. Bxd6 Re6 30. Bg3 Rxd5 31. Qxd5 Qxd5 32. Rxd5 Re3 33. Rd3 Rxd3 34. cxd3 Be7 35. Kc2 f6 36. gxf6 Bxf6 37. b3 Kf7 38. Kd2 Ke6 39. Ke3 Kf5 40. Be1 Kg4 41. d4 g5 42. hxg5 Bxg5+ 43. Ke4 h4 44. Bxh4 Bxh4 45. Kd5 Bd8 46. Kc6 Kf5 47. b4 Ke4 48. d5 Kd4 49. d6 Kc4 50. a3 Kb3 51. Kd7 Bh4 0-1


[Site "https://www.chess.com"]

[Event "Titled Tuesday Blitz February 21 Early 2023"]
[White "ArchibaldCerveza29"]
[Black "Leiva, Gianmarco"]
[BlackFideId "3804399"]
[WhiteElo "2456"]
[BlackElo "2392"]
[Result "0-1"]
[Round "02"]
[TimeControl "180+2"]
[Date "2023.02.21"]
[WhiteClock "0:00:10"]
[BlackClock "0:00:17"]

1. e4 c5 2. Nf3 d6 3. d4 cxd4 4. Nxd4 Nf6 5. Nc3 a6 6. Rg1 h5 7. Bg5 Nbd7 8. Qd2 e6 9. O-O-O Qc7 10. f4 Rb8 11. h3 b5 12. Bd3 b4 13. Nce2 Bb7 14. Qe3 Be7 15. g4 Nc5 16. Bxf6 Bxf6 17. g5 Bxd4 18. Nxd4 g6 19. Kb1 e5 20. Nb3 Ne6 21. f5 Nf4 22. Nd2 O-O 23. Bc4 Kg7 24. Bb3 a5 25. Nc4 a4 26. Rxd6 axb3 27. cxb3 Rfd8 28. Rgd1 Ba6 29. Rxd8 Rxd8 30. Rc1 Bxc4 31. Rxc4 Qd6 32. f6+ Kg8 33. a4 bxa3 34. b4 axb2 35. b5 Qd1+ 36. Kxb2 Rd2+ 37. Kc3 Qc1+ 38. Kb4 Rb2+ 39. Qb3 Nd3+ 40. Ka5 Rxb3 41. Rxc1 Nxc1 0-1


[Site "https://www.chess.com"]

[Event "Titled Tuesday Blitz February 21 Early 2023"]
[White "Dehtiarov, Roman"]
[Black "Goltseva, Ekaterina"]
[WhiteFideId "14186640"]
[BlackFideId "24173770"]
[WhiteElo "2289"]
[BlackElo "2283"]
[Result "1-0"]
[Round "02"]
[TimeControl "180+2"]
[Date "2023.02.21"]
[WhiteClock "0:00:12"]
[BlackClock "0:00:11"]

1. e4 e5 2. Nf3 Nc6 3. Bb5 a6 4. Ba4 Nf6 5. d4 exd4 6. O-O Be7 7. e5 Ne4 8. Nxd4 Nc5 9. Nf5 O-O 10. Qg4 g6 11. Bxc6 dxc6 12. Nxe7+ Qxe7 13. Qg3 Re8 14. f4 Ne4 15. Qe3 Qc5 16. Qxc5 Nxc5 17. Nc3 Bf5 18. Be3 Ne6 19. Rf2 Rad8 20. h3 h5 21. g3 Bxh3 22. Ne4 Kg7 23. Nf6 Rh8 24. Bd2 Bf5 25. Bc3 Nd4 26. Rc1 c5 27. Kg2 b5 28. b4 cxb4 29. Bxb4 Bc8 30. Rcf1 Bb7+ 31. Kh2 Nf5 32. Bc3 Nd4 33. Bb4 Nf5 34. Re1 Nh6 35. Rfe2 Ng4+ 36. Kg1 Nxf6 37. exf6+ Kh7 38. Re7 Bd5 39. Rxc7 Rc8 40. Rd7 Bc4 41. Ree7 Rhd8 42. Rxf7+ Bxf7 43. Rxf7+ Kh8 44. c3 Rd1+ 45. Kg2 Rcd8 46. Re7 R1d2+ 47. Kh3 R2d7 48. f7 Kg7 49. f8=Q+ Kxf8 50. Rxd7+ Ke8 51. Re7+ Kf8 52. Rd7+ Ke8 53. Rxd8+ Kxd8 54. Kh4 Kc7 55. Kg5 Kb6 56. Kxg6 a5 57. Be7 a4 58. Kxh5 Ka5 59. Bb4+ Kb6 60. g4 a3 61. g5 Ka6 62. g6 Kb6 63. Bxa3 Ka6 64. Bb4 Kb6 65. g7 Ka6 66. g8=Q Kb6 67. Qe6+ Ka7 68. Kg5 1-0


[Site "https://www.chess.com"]

[Event "Titled Tuesday Blitz February 21 Early 2023"]
[White "Grunberg, Mihai-Lucian"]
[Black "Korchmar, Vasiliy"]
[WhiteFideId "1204149"]
[BlackFideId "24131750"]
[WhiteElo "2401"]
[BlackElo "2438"]
[Result "0-1"]
[Round "02"]
[TimeControl "180+2"]
[Date "2023.02.21"]
[WhiteClock "0:00:18"]
[BlackClock "0:01:04"]

1. Nf3 d5 2. c4 c6 3. g3 g6 4. Bg2 Bg7 5. O-O e5 6. cxd5 cxd5 7. d3 Ne7 8. Nc3 Nbc6 9. e4 O-O 10. exd5 Nxd5 11. Nxe5 Nxe5 12. Nxd5 Bg4 13. Qa4 Be2 14. Re1 Nf3+ 15. Bxf3 Bxf3 16. Nf4 g5 17. Ne2 Re8 18. Be3 Qxd3 19. Rad1 Qf5 20. Qd7 Re6 21. Qd8+ Rxd8 22. Rxd8+ Bf8 23. Nd4 Qa5 24. Nxf3 Qxd8 0-1


[Site "https://www.chess.com"]

[Event "Titled Tuesday Blitz February 21 Early 2023"]
[White "Grot, Blazej"]
[Black "Golubka, Petro"]
[WhiteFideId "21835845"]
[BlackFideId "14114224"]
[WhiteElo "1990"]
[BlackElo "2371"]
[Result "0-1"]
[Round "02"]
[TimeControl "180+2"]
[Date "2023.02.21"]
[WhiteClock "0:00:13"]
[BlackClock "0:00:12"]

1. e4 c5 2. Nf3 Nc6 3. d4 cxd4 4. Nxd4 e5 5. Nb5 d6 6. c4 a6 7. N5c3 Nf6 8. Be2 Be7 9. Bf3 O-O 10. O-O Be6 11. Na3 Rc8 12. Be3 Na5 13. b3 Re8 14. Nc2 Bf8 15. Nb4 h6 16. Ncd5 Nd7 17. Rc1 Nc5 18. Qd2 Nc6 19. Rfd1 a5 20. Nd3 b6 21. Nc3 Re7 22. Nb5 Rd7 23. Ne1 Qe8 24. Nc2 f6 25. g3 Qg6 26. Nc3 h5 27. Qe2 Bf7 28. Rd2 Rb8 29. Rcd1 Ne6 30. Bg2 Nc5 31. Bf3 Kh8 32. Bg2 Be7 33. Bh3 Be6 34. Bxe6 Nxe6 35. Nd5 Bd8 36. Na3 Na7 37. Nc3 Nc6 38. Nd5 Kg8 39. Nc3 h4 40. Nab5 Be7 41. Nd5 Qxe4 42. Nxe7+ Rxe7 43. Nxd6 Qg6 44. Qf3 Ncd4 45. Bxd4 Nxd4 46. Qd5+ Kh8 47. Rxd4 exd4 48. Rxd4 Qb1+ 49. Kg2 g5 50. gxh4 Rg8 51. h5 g4 52. Qf5 Qxf5 53. Nxf5 Re5 54. Ng3 Rg7 55. Rd6 Rb7 56. Rxf6 a4 57. bxa4 Ra5 58. Rc6 Rxa4 59. c5 b5 60. Rc8+ Kh7 61. Nf5 Rf4 62. c6 Ra7 63. Nd6 Rxa2 64. Nxb5 Raxf2+ 65. Kg3 R2f3+ 66. Kh4 g3+ 67. Kg5 g2 68. Rc7+ Rf7 69. Rxf7+ Rxf7 70. Nd6 g1=Q+ 71. Kh4 Rf4+ 72. Kh3 Qg4# 0-1


[Site "https://www.chess.com"]

[Event "Titled Tuesday Blitz February 21 Early 2023"]
[White "Liyanage, Ranindu Dilshan"]
[Black "Poeta, Caio Medeiros"]
[WhiteFideId "9915834"]
[BlackFideId "2142660"]
[WhiteElo "2342"]
[BlackElo "2088"]
[Result "1-0"]
[Round "02"]
[TimeControl "180+2"]
[Date "2023.02.21"]
[WhiteClock "0:02:16"]
[BlackClock "0:01:53"]

1. d4 Nf6 2. Nc3 c5 3. d5 e6 4. e4 exd5 5. exd5 d6 6. Nf3 g6 7. a4 Bg7 8. Bd3 O-O 9. O-O a6 10. h3 b6 11. Bf4 Bb7 12. Bc4 Ne8 13. Qd2 Nc7 14. Rfe1 b5 15. axb5 axb5 16. Rxa8 Bxa8 17. Nxb5 Nxb5 18. Bxb5 Bxb2 19. c3 Ba3 20. Bh6 c4 21. Bxf8 Kxf8 22. Qh6+ 1-0


[Site "https://www.chess.com"]

[Event "Titled Tuesday Blitz February 21 Early 2023"]
[White "Gatterer, Florian"]
[Black "Basso, Pier Luigi"]
[WhiteFideId "811688"]
[BlackFideId "866970"]
[WhiteElo "2170"]
[BlackElo "2506"]
[Result "0-1"]
[Round "02"]
[TimeControl "180+2"]
[Date "2023.02.21"]
[WhiteClock "0:00:42"]
[BlackClock "0:02:03"]

1. c4 e6 2. Nf3 d5 3. g3 dxc4 4. Bg2 Nf6 5. Qa4+ Nbd7 6. Qxc4 a6 7. Qc2 c5 8. Nc3 Qc7 9. d4 b5 10. Ne5 Bb7 11. Bxb7 Qxb7 12. O-O cxd4 13. Nxd7 Qxd7 14. Ne4 Be7 15. Bg5 Rc8 16. Qd3 Nxe4 17. Bxe7 Nxf2 18. Rxf2 Qxe7 19. Qxd4 O-O 20. e3 Qc5 21. Rd1 Qxd4 22. Rxd4 Rfd8 23. Rfd2 Rxd4 24. Rxd4 Kf8 25. Rd2 Ke7 26. Kf2 f5 27. a3 g5 28. h3 h5 29. Kf3 g4+ 30. hxg4 hxg4+ 31. Kf2 Kf6 32. Ke2 Ke5 33. Kf2 Rc1 34. Kg2 Ke4 35. Kf2 e5 36. Ke2 Rh1 37. Rd6 Rh2+ 38. Kd1 Kxe3 39. Rxa6 f4 40. gxf4 exf4 41. Re6+ Kf3 42. Rb6 Rxb2 43. a4 g3 44. axb5 g2 45. Rg6 g1=Q+ 46. Rxg1 Rb1+ 47. Kc2 Rxg1 48. b6 Rg7 49. b7 Rxb7 0-1


[Site "https://www.chess.com"]

[Event "Titled Tuesday Blitz February 21 Early 2023"]
[White "Papasimakopoulos, Alexandros"]
[Black "Delorme, Axel"]
[WhiteFideId "4244125"]
[BlackFideId "632023"]
[WhiteElo "2401"]
[BlackElo "2483"]
[Result "1/2-1/2"]
[Round "02"]
[TimeControl "180+2"]
[Date "2023.02.21"]
[WhiteClock "0:01:22"]
[BlackClock "0:00:12"]

1. d4 d5 2. c4 e6 3. Nc3 c5 4. cxd5 exd5 5. Nf3 Nc6 6. Bg5 f6 7. Bh4 g5 8. Bg3 g4 9. Nd2 cxd4 10. Nb5 Kf7 11. Qb3 Nge7 12. e3 dxe3 13. fxe3 a6 14. Nc7 Ra7 15. Rc1 b5 16. Nxd5 Qxd5 17. Qxd5+ Nxd5 18. Rxc6 Bd7 19. Rc1 Nxe3 20. Bf2 Bh6 21. Ne4 Nxf1 22. Bxa7 Bxc1 23. Rxf1 Bxb2 24. Rf2 Be5 25. Rd2 Bf5 26. Nd6+ Bxd6 27. Rxd6 Re8+ 28. Kf2 Re6 29. Rd7+ Re7 30. Rxe7+ Kxe7 31. Ke3 Be6 32. a3 Bd5 33. g3 Ke6 34. Kd4 a5 35. Bb6 b4 36. a4 Bc6 37. Bxa5 b3 38. Bc3 Bxa4 39. Ke4 Bc6+ 40. Kd4 h5 41. Bb2 f5 42. Ke3 Be4 43. Bc3 Bc2 44. Bb2 Kd5 45. Ba1 Kc4 46. Bb2 Be4 47. Ba1 Kb4 48. Bb2 Bc2 49. Kf4 Be4 50. Ke3 Bc2 51. Kf4 Kc4 52. Ke3 Be4 53. Ba1 Bc2 54. Bb2 1/2-1/2


[Site "https://www.chess.com"]

[Event "Titled Tuesday Blitz February 21 Early 2023"]
[White "Rengifo Blancas, Renzo Jhonathan"]
[Black "UnknownMagician"]
[WhiteFideId "3807185"]
[WhiteElo "2131"]
[BlackElo "2686"]
[Result "0-1"]
[Round "02"]
[TimeControl "180+2"]
[Date "2023.02.21"]
[WhiteClock "0:00:02"]
[BlackClock "0:01:09"]

1. e4 c6 2. d4 d5 3. Nc3 dxe4 4. Nxe4 Nf6 5. Nxf6+ gxf6 6. c3 Bf5 7. g3 Qd5 8. Nf3 Nd7 9. Bg2 Qc4 10. Bf1 Qd5 11. Bg2 Qb5 12. Bf1 Qa5 13. Bg2 Qa6 14. Bf1 Qb6 15. Bg2 e5 16. O-O O-O-O 17. Qa4 h5 18. Be3 Bh6 19. Nh4 Bg4 20. h3 Be2 21. Rfe1 Bb5 22. Qb3 Bxe3 23. Rxe3 exd4 24. cxd4 Qxd4 25. Nf5 Qc5 26. Ne7+ Kb8 27. a4 Bc4 28. Qc3 Be6 29. Qxc5 Nxc5 30. b4 Nb3 31. Ra3 Nd4 32. Rac3 Rd7 33. Rcd3 Rhd8 34. Re4 Ne2+ 35. Rxe2 Rxd3 36. b5 cxb5 37. axb5 R3d7 38. Nc6+ bxc6 39. bxc6 Rd1+ 40. Kh2 Rb1 41. Rc2 Kc7 42. Ra2 Bxa2 43. Be4 Rb2 44. g4 Rxf2+ 45. Kg3 Re2 46. Bh1 hxg4 47. Kh4 gxh3 48. Bf3 Re3 49. Bh1 h2 50. Kh5 Rg8 51. Kh6 Rg1 52. Bf3 Rxf3 53. Kh7 Rh3# 0-1


[Site "https://www.chess.com"]

[Event "Titled Tuesday Blitz February 21 Early 2023"]
[White "Lizak, Peter"]
[Black "Mushini Ajay"]
[WhiteFideId "731595"]
[BlackFideId "35066188"]
[WhiteElo "2411"]
[BlackElo "2310"]
[Result "1-0"]
[Round "02"]
[TimeControl "180+2"]
[Date "2023.02.21"]
[WhiteClock "0:00:21"]
[BlackClock "0:00:19"]

1. d4 Nf6 2. Nc3 d5 3. Bf4 Bf5 4. f3 e6 5. g4 Bg6 6. h4 h5 7. g5 Nfd7 8. e3 c5 9. Nb5 Na6 10. c3 cxd4 11. exd4 Be7 12. Bd3 Bxd3 13. Qxd3 g6 14. Nh3 O-O 15. Bg3 Re8 16. Nf4 Nf8 17. Kf2 Rc8 18. Rae1 Nc7 19. Nxc7 Rxc7 20. Re2 Bd6 21. Rhe1 Rc8 22. Kg2 Qa5 23. b4 Qc7 24. Qd2 Qxc3 25. Qxc3 Rxc3 26. Nxd5 Bxg3 27. Kxg3 Rec8 28. Ne7+ Kg7 29. Nxc8 Rxc8 30. d5 Rd8 31. dxe6 Nxe6 32. Rxe6 fxe6 33. Rxe6 Rd7 34. a4 Kf7 35. Rf6+ Kg7 36. a5 Rc7 37. Rd6 Re7 38. b5 Kf7 39. Kf4 Kg7 40. b6 axb6 41. axb6 Kf7 42. Rd5 Re6 43. Rd7+ Re7 44. Rxe7+ Kxe7 45. Ke5 Kf7 46. Kd6 Kg7 47. Ke7 Kg8 48. Kf6 Kh7 49. Kf7 Kh8 50. Kxg6 1-0


[Site "https://www.chess.com"]

[Event "Titled Tuesday Blitz February 21 Early 2023"]
[White "Iskusnyh, Sergei"]
[Black "Silva, Pedro Gil Ferreira Da"]
[WhiteFideId "4120027"]
[BlackFideId "1946102"]
[WhiteElo "2440"]
[BlackElo "2227"]
[Result "0-1"]
[Round "02"]
[TimeControl "180+2"]
[Date "2023.02.21"]
[WhiteClock "0:00:15"]
[BlackClock "0:00:53"]

1. d4 Nf6 2. c4 e6 3. g3 Bb4+ 4. Bd2 c5 5. Bxb4 cxb4 6. Bg2 O-O 7. e3 d6 8. Ne2 Nc6 9. O-O e5 10. d5 Nb8 11. a3 Na6 12. axb4 Nxb4 13. Qd2 a5 14. Na3 Nd7 15. Nc2 Nxc2 16. Qxc2 Qb6 17. Rfb1 Rb8 18. Qa4 Nc5 19. Qxa5 Qb3 20. Qc3 Bf5 21. e4 Bg4 22. f3 Bd7 23. Qxb3 Nxb3 24. Ra3 Nd2 25. Rc1 Rfc8 26. Rac3 Ba4 27. c5 Nb3 28. Rb1 Rxc5 29. Rxc5 Nxc5 30. Nc3 Bd7 31. b4 Na4 32. Nxa4 Bxa4 33. Rc1 Bb5 34. Rc7 Kf8 35. Bf1 Be8 36. b5 b6 37. Kf2 Ra8 38. Ke3 Ra3+ 39. Kf2 Ra2+ 40. Kg1 Ra1 41. Kg2 Ra2+ 42. Kh3 Rf2 43. Bg2 Bxb5 44. g4 Rb2 45. Rb7 Be8 46. Kg3 b5 47. g5 f6 48. h4 b4 49. Bh3 b3 50. Bf5 Rb1 51. Bxh7 b2 52. Kh2 Bh5 53. Bf5 Bxf3 54. g6 Rh1+ 55. Kg3 b1=Q 56. Rxb1 Rxb1 57. Kxf3 Rb3+ 58. Kg4 Rb1 59. Bd7 Rf1 60. Bf5 Rf4+ 61. Kh5 Ke7 62. Be6 Rxe4 63. Bf7 Rf4 64. Be6 e4 65. Bg4 e3 66. Be2 Rf2 0-1


[Site "https://www.chess.com"]

[Event "Titled Tuesday Blitz February 21 Early 2023"]
[White "Miszler, Levente"]
[Black "Starozhilov, Leonid"]
[WhiteFideId "763276"]
[BlackFideId "14106752"]
[WhiteElo "2271"]
[BlackElo "2313"]
[Result "0-1"]
[Round "02"]
[TimeControl "180+2"]
[Date "2023.02.21"]
[WhiteClock "0:00:20"]
[BlackClock "0:01:30"]

1. Nf3 d5 2. c4 e6 3. g3 Nf6 4. Bg2 Be7 5. O-O O-O 6. d4 a6 7. b3 dxc4 8. bxc4 c5 9. Bb2 Nc6 10. Na3 cxd4 11. Nc2 e5 12. Rb1 Bg4 13. h3 Bh5 14. g4 Bg6 15. Nh4 Be4 16. Bxe4 Nxe4 17. Nf3 Rc8 18. Ba3 Bxa3 19. Nxa3 Nc3 20. Qb3 Nxb1 21. Rxb1 e4 22. Nd2 e3 23. Nf3 exf2+ 24. Kxf2 Re8 25. Qxb7 d3 26. exd3 Qxd3 27. Re1 Nd4 28. Qd5 Rxe1 29. Nxe1 Qe2+ 30. Kg3 Qxe1+ 0-1


[Site "https://www.chess.com"]

[Event "Titled Tuesday Blitz February 21 Early 2023"]
[White "Can, Melih Kaan"]
[Black "Alex_Sahakyan2006"]
[WhiteFideId "6317383"]
[WhiteElo "2069"]
[BlackElo "2664"]
[Result "0-1"]
[Round "02"]
[TimeControl "180+2"]
[Date "2023.02.21"]
[WhiteClock "0:00:18"]
[BlackClock "0:01:07"]

1. d4 Nf6 2. c4 c5 3. d5 b5 4. cxb5 a6 5. bxa6 g6 6. Nc3 Bg7 7. e4 O-O 8. Nf3 Qa5 9. Nd2 Bxa6 10. Bxa6 Qxa6 11. Qe2 d6 12. Qxa6 Nxa6 13. O-O Rfb8 14. Rb1 Nb4 15. a3 Nd3 16. Nc4 Ng4 17. Be3 Nxe3 18. fxe3 Nxb2 19. Nxb2 Bxc3 20. Nc4 Rxb1 21. Rxb1 Ra4 22. Rb8+ Kg7 23. Nb6 Rxa3 24. Nc8 Bf6 25. Kf2 Ra2+ 26. Kf3 c4 27. Rb7 c3 28. Rc7 c2 29. Nb6 Ra3 30. Rxc2 Bd4 31. Nc4 Rb3 32. Kf2 Bc5 33. h3 f5 34. exf5 gxf5 35. Kf3 Rd3 36. Rd2 Rc3 37. Na5 Bxe3 38. Ra2 Bd4+ 39. Kf4 Kf6 40. Nc6 Be5+ 0-1


[Site "https://www.chess.com"]